Map: Odyssey LE

Players

souL

  • Race: Terran Terran
  • Spawn Location: 11:00

Scarlett - Winner!

  • Race: Zerg Zerg
  • Spawn Location: 5:00

Event: WCS Valencia 2017

VOD

Have the link to the VOD?

Description

Time

  • Played on: July 13, 2017, 3:01 p.m.
  • Length: 15:34

All games in this series

Show
View Real Time Build Order
Export as new Build Order

souL Terran 

Build Orders:  

Get SALT Encoding   

  12  0:00  SCV  
  13  0:13  SCV  
  14  0:17  Supply Depot  
  14  0:25  SCV  
  15  0:39  SCV  
  16  0:43  Barracks  
  16  0:48  Refinery  
  16  0:53  SCV  
  17  1:08  Barracks  
  17  1:10  SCV  
  18  1:23  Barracks  
  18  1:31  Reaper  
  19  1:34  Refinery  
  19  1:46  Orbital Command  
  19  1:55  Reaper  
  19  2:00  Supply Depot  
  20  2:05  Reaper  
  21  2:12  SCV  
  23  2:15  Reaper  
  23  2:24  Supply Depot  
  23  2:27  SCV  
  23  2:29  Reaper  
  24  2:37  Reaper  
  24  2:39  SCV  
  26  2:47  Reaper  
  28  2:51  SCV  
  28  3:01  Reaper  
  28  3:03  SCV  
  30  3:09  Reaper  
  31  3:15  SCV  
  32  3:21  Command Center  
  32  3:25  Reaper  
  33  3:28  SCV  
  33  3:33  Reaper  
  35  3:40  SCV  
  36  3:41  Reaper  
  36  3:46  Supply Depot  
  37  3:52  SCV  
  38  3:57  Reaper  
  39  4:06  Barracks  
  39  4:07  Reaper  
  41  4:10  SCV  
  41  4:12  Barracks  
  41  4:13  Reaper  
  42  4:18  Refinery  
  42  4:22  SCV  
  43  4:30  Refinery  
  43  4:34  SCV  
  43  4:38  Reaper  
  44  4:42  Orbital Command  
  44  4:46  SCV, Reaper  
  44  4:47  Reaper  
  47  4:56  Reaper  
  47  4:58  SCV  
  50  5:00  Reaper  
  50  5:08  SCV  
  50  5:10  SCV, Reaper  
  52  5:18  Reaper  
  52  5:20  SCV  
  54  5:22  SCV  
  54  5:25  Supply Depot  
  54  5:26  Supply Depot  
  54  5:27  Reaper  
  56  5:32  SCV  
  56  5:34  SCV  
  57  5:36  Reaper  
  57  5:41  Reaper  
  57  5:44  SCV  
  57  5:46  SCV  
  57  5:47  Reaper  
  60  5:56  SCV  
  61  5:58  SCV  
  64  6:09  SCV  
  64  6:11  SCV  
  66  6:22  SCV  
  66  6:23  Barracks Reactor x2, Barracks Tech Lab, Command Center  
  65  6:26  Barracks Reactor  
  65  6:30  SCV  
  66  6:34  SCV  
  68  6:42  SCV  
  68  6:43  Factory  
  68  6:46  Barracks Reactor, SCV  
  68  6:47  Barracks Reactor  
  70  6:49  Barracks Tech Lab  
  70  6:50  Barracks Tech Lab  
  70  6:54  SCV  
  70  6:58  Engineering Bay  
  70  7:00  SCV, Engineering Bay  
  71  7:03  Marine  
  71  7:06  SCV  
  73  7:08  Stimpack  
  73  7:11  Marine x2  
  73  7:13  Marine  
  73  7:15  Marine  
  76  7:18  SCV  
  78  7:29  Marine  
  78  7:31  Terran Infantry Armor Level 1, Terran Infantry Weapons Level 1  
  78  7:35  Marine x3  
  78  7:36  Barracks Reactor x2  
  80  7:39  Starport  
  80  7:40  Factory Reactor  
  80  7:44  Orbital Command  
  80  7:46  SCV  
  80  7:47  SCV  
  80  7:51  Marine  
  83  7:56  Marine  
  82  7:58  SCV, Marine  
  82  8:00  SCV  
  82  8:04  Barracks Tech Lab, Marine, Orbital Command  
  85  8:09  Supply Depot  
  85  8:10  Supply Depot  
  85  8:11  Marine, SCV  
  87  8:16  SCV  
  88  8:20  Marine  
  88  8:23  SCV  
  88  8:25  Medivac  
  92  8:27  Combat Shields  
  92  8:28  Factory Tech Lab  
  92  8:30  Medivac  
  92  8:31  SCV x2  
  92  8:33  Supply Depot  
  96  8:34  Supply Depot  
  96  8:35  SCV  
  96  8:37  Marauder  
  99  8:42  Armory  
  99  8:43  SCV, Marine  
  99  8:44  Marine  
  99  8:45  Marine  
  99  8:46  SCV  
  99  8:47  Marine  
  105  8:49  Marine  
  105  8:50  SCV  
  105  8:54  Bunker  
  105  8:59  Marine x2  
  105  9:01  Supply Depot  
  105  9:02  Supply Depot  
  107  9:04  Siege Tank, Marine  
  111  9:15  Refinery  
  111  9:16  Factory, Medivac  
  111  9:17  Marine, Refinery  
  113  9:21  SCV  
  113  9:22  SCV  
  113  9:23  SCV  
  117  9:25  Marine, Supply Depot x2  
  117  9:29  Terran Infantry Weapons Level 2  
  118  9:33  Terran Infantry Armor Level 2, SCV  
  118  9:36  SCV  
  120  9:40  SCV, Marine  
  120  9:41  Barracks  
  120  9:42  Barracks  
  120  9:44  Marine x2  
  120  9:45  SCV  
  125  9:48  Marine, Medivac  
  125  9:49  Marine x2  
  125  9:51  Marine x2  
  128  9:55  Siege Tank  
  128  9:58  Marine  
  132  10:01  Marine  
  132  10:02  Marine  
  132  10:06  Marine  
  132  10:07  Marine x2  
  124  10:08  Marine, Factory Tech Lab  
  124  10:09  Marine  
  127  10:16  Marine  
  127  10:17  Terran Vehicle Weapons Level 1  
  127  10:19  Marine x2  
  130  10:21  Supply Depot  
  130  10:23  Supply Depot  
  130  10:24  Marine x2  
  130  10:25  Marine  
  130  10:26  Medivac x2  
  130  10:27  Siege Tank  
  141  10:34  Barracks Tech Lab x2  
  140  10:40  Siege Tank  
  143  10:45  Command Center  
  143  10:49  Supply Depot  
  143  10:50  Marine, Supply Depot  
  143  10:51  Marauder, Marine  
  143  10:52  Marine  
  143  10:54  Marine  
  143  10:56  Marine  
  150  10:59  Siege Tank  
  150  11:02  Marine x2  
  150  11:04  Marine  
  155  11:05  Marine  
  155  11:17  Supply Depot x2  
  147  11:30  Supply Depot  
  147  11:32  Supply Depot  
  143  11:39  Marine x3  
  141  11:40  Marine  
  141  11:41  Supply Depot  
  141  11:44  Marine x3  
  141  11:46  Command Center  
  141  11:47  Marine  
  141  11:49  Siege Tank  
  141  11:50  Siege Tank, Marine x2  
  141  11:54  Medivac  
  141  11:56  Marine  
  141  12:01  Marine  
  144  12:02  Marauder  
  144  12:05  Marauder, Supply Depot  
  144  12:08  Marauder, Supply Depot  
  151  12:11  Marine  
  151  12:12  Marauder  
  151  12:13  Marine  
  155  12:15  Marine  
  155  12:21  Siege Tank, Marine x2  
  155  12:22  Siege Tank  
  163  12:23  Marauder  
  163  12:27  Medivac x2  
  169  12:32  Marauder  
  169  12:35  Marine  
  169  12:36  Marauder  
  174  12:46  Terran Infantry Weapons Level 3  
  174  12:53  Terran Infantry Armor Level 3  
  174  12:58  Medivac x2  
  184  12:59  Marauder, Marine  
  184  13:04  Marauder, Marine  
  190  13:08  Thor  
  190  13:09  Thor  
  196  13:22  Marine  
  191  13:31  Viking x2  
  191  13:32  Marine  
  183  13:34  Planetary Fortress  
  183  13:39  Marine  
  183  13:40  Marine  
  183  13:41  Marine x6  
  185  13:43  Marine  
  191  13:52  Marine  
  188  13:57  Marine  
  188  13:58  Marine  
  188  14:00  Marine  
  183  14:03  Marine  
  183  14:04  Marine  
  183  14:05  Marine  
  183  14:06  Marine  
  183  14:07  Marine x2  
  186  14:10  Marine  
  186  14:12  Viking  
  186  14:15  Marine  
  186  14:16  Marine  
  176  14:18  Marine  
  176  14:19  Viking  
  176  14:20  Marine  
  176  14:22  Marine  
  176  14:23  Marine  
  176  14:24  Marine x2  
  169  14:25  Marine  
  169  14:27  Marine  
  154  14:33  Marine  
  154  14:34  Marine  
  154  14:36  Marine  
  143  14:38  Marine  
  143  14:40  Marine  
  143  14:41  Marine x2  
  143  14:42  Marine x2, Viking  
  143  14:45  Marine  
  132  14:51  Marine x2  
  117  14:54  Marine  
  117  14:56  Marine  
  117  14:57  Marine  
  117  14:58  Siege Tank  
  117  14:59  Marine x2  
  119  15:00  Marine  
  119  15:05  Marine x2  
  118  15:09  Marine  
  118  15:12  Marine  
Show
View Real Time Build Order
Export as new Build Order

Scarlett Zerg - Winner!

Build Orders: Pool First 

Get SALT Encoding   

  12  0:00  Drone  
  13  0:12  Overlord  
  13  0:17  Drone  
  14  0:30  Drone x2  
  16  0:35  Drone  
  16  0:37  Extractor  
  16  0:48  Spawning Pool  
  15  0:53  Drone  
  16  0:58  Drone  
  17  1:07  Drone  
  18  1:25  Hatchery  
  17  1:35  Zergling x2  
  17  1:36  Zergling x2  
  17  1:39  Metabolic Boost  
  19  1:50  Queen  
  19  1:53  Drone  
  22  2:00  Overlord  
  22  2:20  Zergling x4  
  24  2:25  Zergling x2  
  24  2:26  Queen  
  27  2:37  Queen  
  27  2:55  Drone x5  
  27  2:58  Overlord  
  32  3:02  Queen  
  32  3:04  Zergling x2  
  35  3:07  Zergling x2  
  36  3:18  Zergling x6  
  39  3:26  Zergling x4  
  41  3:31  Evolution Chamber  
  41  3:32  Queen  
  42  3:39  Queen  
  44  3:45  Overlord  
  44  4:01  Zerg Ground Armor Level 1  
  44  4:05  Drone  
  44  4:06  Drone x4  
  49  4:12  Zergling x4  
  51  4:25  Overlord x2  
  49  4:43  Drone  
  49  4:44  Drone x6  
  55  4:47  Queen  
  55  4:48  Overlord  
  55  4:52  Drone  
  58  4:53  Drone  
  59  5:00  Roach Warren, Drone  
  59  5:02  Extractor  
  59  5:03  Extractor  
  57  5:17  Drone x6  
  63  5:22  Zergling x2  
  63  5:28  Zergling x2  
  65  5:39  Overlord x2  
  63  5:44  Roach  
  63  5:48  Roach x4  
  71  6:01  Roach x2  
  74  6:09  Queen x2, Zerg Missile Weapons Level 1  
  78  6:13  Roach  
  78  6:14  Roach  
  78  6:17  Ravager x2  
  84  6:21  Overlord x2  
  84  6:28  Drone  
  84  6:29  Drone x3  
  88  6:37  Hatchery  
  88  6:38  Drone  
  88  6:44  Drone  
  88  6:46  Lair  
  89  6:48  Drone x3  
  89  6:49  Extractor  
  91  7:03  Overlord  
  91  7:04  Roach  
  91  7:05  Roach  
  91  7:06  Ravager x3  
  98  7:14  Overlord  
  98  7:21  Roach x4  
  107  7:27  Hatchery  
  104  7:35  Drone  
  104  7:36  Drone x3  
  108  7:44  Roach x2  
  108  7:45  Glial Reconstitution  
  108  7:49  Infestation Pit  
  108  8:03  Drone x4  
  108  8:05  Zerg Ground Armor Level 2  
  112  8:07  Drone  
  112  8:08  Drone x5  
  112  8:09  Evolution Chamber  
  117  8:16  Roach x2  
  121  8:27  Roach  
  123  8:34  Overlord x2  
  123  8:38  Pathogen Glands  
  123  8:39  Overlord  
  123  8:45  Roach  
  123  8:46  Roach x2  
  123  8:47  Overlord  
  129  8:54  Zerg Missile Weapons Level 2  
  124  8:56  Drone  
  124  8:57  Extractor x2, Drone x4  
  124  9:01  Burrow, Queen  
  129  9:03  Overlord  
  129  9:09  Infestor, Overlord  
  129  9:13  Drone x3  
  129  9:16  Infestor  
  136  9:18  Roach  
  136  9:22  Drone x2  
  142  9:24  Roach x3  
  142  9:31  Hatchery  
  145  9:36  Infestor  
  147  9:41  Roach x5  
  155  10:06  Hive, Hatchery  
  154  10:08  Spire  
  154  10:09  Roach x4  
  163  10:14  Roach x4  
  163  10:15  Overlord x3  
  169  10:27  Spore Crawler  
  168  10:30  Spore Crawler, Extractor  
  168  10:31  Infestor  
  168  10:32  Infestor  
  168  10:33  Overlord x3  
  171  10:42  Drone  
  171  10:43  Drone x9  
  171  10:49  Roach  
  186  10:50  Roach x3  
  186  10:53  Queen  
  186  10:55  Ravager x3  
  191  11:08  Roach x4  
  181  11:32  Greater Spire  
  179  11:33  Zerg Ground Armor Level 3  
  179  11:39  Drone x5  
  184  11:40  Drone x10  
  184  11:56  Zerg Melee Weapons Level 1  
  184  12:00  Corruptor  
  184  12:01  Corruptor x4  
  194  12:09  Spore Crawler, Hatchery  
  194  12:10  Spine Crawler  
  194  12:11  Spine Crawler  
  186  12:23  Spine Crawler  
  186  12:25  Spine Crawler  
  177  12:45  Brood Lord x3  
  177  12:46  Brood Lord x2  
  177  12:50  Hatchery  
  186  12:54  Corruptor x2  
  190  13:05  Ravager  
  191  13:06  Ravager x2  
  193  13:13  Corruptor  
  191  13:28  Extractor  
  191  13:30  Extractor  
  191  13:34  Brood Lord  
  189  13:37  Brood Lord  
  191  13:48  Corruptor x4  
  199  14:00  Roach  
  199  14:08  Ultralisk Cavern  
  198  14:13  Corruptor  
  190  14:33  Corruptor x4  
  186  14:43  Corruptor x2  
  171  14:48  Queen x4  
  162  14:56  Roach x11  
Tags
 
Add a new tag
Caveats
  • Supply blocks, unpowered buildings, or Contaminate may cause inaccurate times.
  • Supply counts are checked every 10 seconds.